 Dungeon Crawl Stone Soup version 0.30.1-3-gfc49f6343a (webtiles) character file.

Game seed: 9846944604251203188

31 KyoPewz the Cudgeller (level 3, -5/36 HPs)
             Began as an Ogre Gladiator on Aug 3, 2023.
             Slain by a gnoll
             ... wielding a +0 halberd
              (12 damage)
             ... on level 2 of the Dungeon.
             The game lasted 00:03:20 (1262 turns).

KyoPewz the Cudgeller (Ogre Gladiator)              Turns: 1262, Time: 00:03:21

Health: -5/36      AC:  3    Str: 20    XL:     3   Next: 22%
Magic:  3/3        EV: 10    Int:  9    God:
Gold:   58         SH:  0    Dex: 10    Spells: 2/2 levels left

rFire   . . .        a - +0 flail
rCold   . . .        (no shield)
rNeg    . . .        b - +0 robe
rPois   .            c - +0 hat
rElec   .            (no cloak)
rCorr   .            (gloves unavailable)
SInv    .            (boots unavailable)
Will    .....        (no amulet)
Stlth   +            (no ring)
HPRegen 0.26/turn    (no ring)
MPRegen 0.08/turn

%: no passive effects
@: no status effects
A: large, unfitting armour, tough skin 1
a: no special abilities


You were on level 2 of the Dungeon.
You visited 1 branch of the dungeon, and saw 2 of its levels.

You collected 58 gold pieces.

Inventory:

Hand Weapons
 a - a +0 flail (weapon)
Missiles
 d - 3 throwing nets (quivered)
 f - 11 stones
 m - 5 boomerangs
Armour
 b - a +0 robe (worn)
 c - a +0 hat (worn)
 k - an orb of energy
Scrolls
 g - a scroll of immolation {unknown}
 h - 2 scrolls of amnesia {unknown}
 i - a scroll of noise {unknown}
 j - a scroll of identify {unknown}
 l - a scroll of vulnerability {unknown}


   Skills:
 - Level 2.6 Fighting
 + Level 3.9 Maces & Flails
 - Level 2.0 Throwing
 - Level 2.6 Dodging


You had 2 spell levels left.
You didn't know any spells.
Your spell library contained the following spells:

 Spells                   Type           Power      Damage    Failure   Level
 Static Discharge         Conj/Air       0%         2-2/arc   52%         2
 Inner Flame              Hex/Fire       0%         N/A       77%         3
 Airstrike                Air            0%         2d(0-16)  99%         4
 Flame Wave               Conj/Fire      0%         2d4       99%         4
 Sticky Flame             Conj/Fire      0%         2d3       99%         4
 Summon Lightning Spire   Summ/Air       0%         N/A       99%         4


Dungeon Overview and Level Annotations

Branches:
Dungeon (2/15)

Altars:


Innate Abilities, Weirdness & Mutations

You are too large for most types of armour.
You have tough skin. (AC +1)


Message History

You hit the jackal.
The jackal is lightly wounded.
The jackal closely misses you.
The jackal bites you but does no damage.
You closely miss the jackal.
The jackal is lightly wounded.
The jackal closely misses you. The jackal barely misses you.
You hit the jackal.
You kill the jackal!
The ball python closely misses you.
You hit the ball python.
The ball python is moderately wounded.
The ball python bites you but does no damage.
Health restored: 36 You hit the ball python.
You kill the ball python!
No target in view!
You see here a ball python corpse. 2 gnolls come into view.
A gnoll is wielding a +4 halberd of venom.
The gnoll shouts!
You hear a shout!
A gnoll comes into view. It is wielding a +0 spear.
You closely miss the gnoll. The gnoll completely misses you.
You see here a rat corpse.
Throw: large rock
Press: ? - help, Shift-Dir - straight line, f - gnoll
Aim: a gnoll, wielding a +4 halberd of venom (61% to hit)
You throw a large rock. The large rock hits the gnoll!
The gnoll is almost dead.
The gnoll barely misses you.
You hit the gnoll but do no damage.
The gnoll is almost dead.
The gnoll barely misses you.
You hit the gnoll but do no damage.
The gnoll is almost dead.
The gnoll hits you with a +0 halberd!
The gnoll hits you with a +4 halberd of venom!
* * * LOW HITPOINT WARNING * * *
The gnoll hits you with a +0 halberd!
You die...

#. ... # #. ..#
###.##. ..# .......
..# ......†#.##
##...##
######..#..##########
#..†.g.g##...##......
#.##@#†....#.##.#####
#.#g##gg..##.##.#
#.#.##.#(#.###.##.#
#.#.##..g.###...#.#
#.#.##.....gg.#...#
#.#[##...####g..###
#.#.###..# ##.##
#.#># #.## #.#####
####.#.# #.# #.g.g.#


You could see 3 gnolls.

Vanquished Creatures
  A worm (D:2)
  An endoplasm (D:1)
  A giant cockroach (D:1)
  2 goblins (D:1)
  6 hobgoblins
  2 jackals (D:2)
  A quokka (D:1)
  A ball python (D:2)
  4 bats (D:1)
  A frilled lizard (D:1)
  6 rats
26 creatures vanquished.

Notes
Turn   | Place    | Note
-------+----------+-------------------------------------------
     0 | D:1      | KyoPewz the Ogre Gladiator began the quest for the Orb.
     0 | D:1      | Reached XP level 1. HP: 22/22 MP: 1/1
    79 | D:1      | Reached skill level 3 in Maces & Flails
   116 | D:1      | Reached XP level 2. HP: 19/29 MP: 2/2
  1155 | D:2      | Reached XP level 3. HP: 35/36 MP: 3/3
  1262 | D:2      | Slain by a gnoll

Illustrated notes

Levels and vault maps discovered:
D:1:      erik_arrival_cave_to_civilisation [erik_arrival_cave_to_hall],
          layout_basic
D:2:      layout_loops_ring, minmay_misc_feat_five, minmay_misc_feat_nine_boxes,
          nicolae_elevator_lobby_plus

Skill      XL: |  1 |
---------------+----+-----
Maces & Flails | 3 |  3.9
Fighting       | |  2.6
Throwing       | |  2.0
Dodging        | |  2.6

Action                     || total
---------------------------++-------
  Melee: Flail             ||    65
  Throw: Large rock        ||     1
   Stab: Sleeping          ||     1
 Armour: Robe              ||    16
  Dodge: Dodged            ||    35
